 Dungeon Crawl Stone Soup version 0.28.0-43-g3370ac3207 (webtiles) character file.

Game seed: 5826993473777345220

5857 tizbic2 the Merchant of Misery (level 10, -6/76 HPs)
             Began as a Demonspawn Necromancer on Mar 17, 2022.
             Was a Believer of Kikubaaqudgha.
             Mangled by an orc knight
             ... wielding a +0 glaive
              (38 damage)
             ... in a bailey.
             The game lasted 00:52:28 (11057 turns).

tizbic2 the Merchant of Misery (DsNe)              Turns: 11057, Time: 00:52:28

Health: -6/76      AC: 11    Str: 27    XL:     10   Next: 52%
Magic:  19/19      EV: 13    Int: 17    God:    Kikubaaqudgha [**....]
Gold:   792        SH:  0    Dex: 10    Spells: 8/21 levels left

rFire   + . .      SeeInvis .   K - +7 arbalest
rCold   x . .      Faith    .   (shield currently unavailable)
rNeg    . . .      Spirit   .   j - +1 scale mail of the Orb Guardian {Str+5 Dex-3}
rPois   .          Reflect  .   e - +2 hat
rElec   .          Harm     .   n - +0 cloak
rCorr   .          Rampage  .   p - +0 pair of gloves
Will    .....                   (no boots)
Stlth   ..........              E - amulet of the acrobat
HPRegen 0.22/turn               d - ring "Goomuag" {Fly rC- Will- Str+9}
MPRegen 0.16/turn               q - ring of protection from fire

@: flying
A: repulsion field 2, ignite blood 3, powered by pain 1, demonic touch 1
a: Renounce Religion, Receive Corpses


You were in a bailey.
You worshipped Kikubaaqudgha.
Kikubaaqudgha was pleased with you.
You visited 2 branches of the dungeon, and saw 9 of its levels.
You also visited: Ossuary and Bailey.

You collected 1074 gold pieces.
You spent 282 gold pieces at shops.

Inventory:

Hand Weapons
 b - a +3 short sword of speed
 F - a +0 war axe
 I - the +5 short sword "Kuupuo" {vorpal, rElec rF++ Str+2}
   (You took it off a kobold on level 7 of the Dungeon)

   It inflicts extra damage upon your enemies.
   Str:       It affects your strength (+2).
   rF:        It greatly protects you from fire.
   rElec:     It insulates you from electricity.
 K - a +7 arbalest (weapon)
Missiles
 g - 127 stones
 L - 281 bolts (quivered ammo)
Armour
 e - a +2 hat (worn)
 j - the +1 scale mail of the Orb Guardian (worn) {Str+5 Dex-3}
   (You bought it in a shop on level 3 of the Dungeon)

   Str:       It affects your strength (+5).
   Dex:       It affects your dexterity (-3).
 n - a +0 cloak (worn)
 p - a +0 pair of gloves (worn)
 H - +0 swamp dragon scales
Magical Staves
 f - a staff of death
Jewellery
 c - an amulet of guardian spirit
 d - the ring "Goomuag" (left hand) {Fly rC- Will- Str+9}
   (You found it on level 6 of the Dungeon)

   [ring of flight]

   Str:       It affects your strength (+9).
   rC:        It makes you vulnerable to cold.
   Fly:       It grants you flight.
   Will:      It decreases your willpower.
 o - a ring of poison resistance
 q - a ring of protection from fire (right hand)
 s - a ring of flight
 E - an amulet of the acrobat (around neck)
Wands
 a - a wand of iceblast (13)
Scrolls
 k - a scroll of silence
 r - a scroll of holy word
 x - 4 scrolls of teleportation
 y - a scroll of amnesia
 C - 3 scrolls of blinking
 D - a scroll of enchant weapon
 J - a scroll of identify
Potions
 h - 3 potions of curing
 i - a potion of invisibility
 l - 2 potions of cancellation
 m - a potion of flight
 t - 4 potions of might {unknown}
 u - 2 potions of lignification {unknown}
 v - a potion of mutation
 w - a potion of haste {unknown}
 z - 3 potions of ambrosia {unknown}
 A - 2 potions of degeneration {unknown}
 B - a potion of magic {unknown}
 G - 2 potions of heal wounds


   Skills:
 + Level 6.0 Fighting
 * Level 8.4 Staves
 - Level 1.9 Dodging
 - Level 1.9 Stealth
 + Level 6.2 Spellcasting
 + Level 8.4 Necromancy
 + Level 6.3 Evocations


You had 8 spell levels left.
You knew the following spells:

 Your Spells              Type           Power      Damage    Failure   Level
a - Pain                  Necr           100%       1d9       1%          1
b - Vampiric Draining     Necr           34%        2d8       2%          3
c - Animate Dead          Necr           17%        N/A       9%          4
d - Agony                 Necr           34%        N/A       26%         5

Your spell library contained the following spells:

 Spells                   Type           Power      Damage    Failure   Level
 Animate Skeleton         Necr           68%        N/A       1%          1


Dungeon Overview and Level Annotations

Branches:
Dungeon (8/15)             Temple (1/1) D:5         Ossuary (visited)
 Bailey (1/1)
   Lair: D:8-11

Altars:
Ashenzari
Dithmenos
Elyvilon
Fedhas
Gozag
Hepliaklqana
Kikubaaqudgha
Makhleb
Nemelex Xobeh
Okawaru
Qazlal
Ru
Sif Muna
Trog
Vehumet
Wu Jian
Xom
Yredelemnul
Zin
The Shining One

Shops:
D:3 [

Annotations:
D:7 jimonade's ghost, novice GnWn


Innate Abilities, Weirdness & Mutations

You are surrounded by a moderate repulsion field. (EV +3)
Your demonic aura causes all spilled blood to erupt in flames.
You sometimes gain a little power by taking damage.
Your touch may inflict minor irresistible damage on your foes.


Message History

There is an open gate here.
D - 4 scrolls of enchant weapon (gained 3)
As you read the scroll of enchant weapon, it crumbles to dust.
Your +4 arbalest glows red for a moment.
As you read the scroll of enchant weapon, it crumbles to dust.
Your +5 arbalest glows red for a moment.
As you read the scroll of enchant weapon, it crumbles to dust.
Your +6 arbalest glows red for a moment.
As you open the door, it creaks loudly! 2 orc knights and 2 orcs come into view.
The orc knight shouts! x2; The orc shouts!
The orc knight hits you from afar with a +0 glaive!
Found a runed dagger and a book of Callings.
Which direction?
You feel a little less mighty now. The orc knight closely misses you.
The orc completely misses you.
The orc knight hits you but does no damage.
The orc completely misses you.
There is an open door here.
The orc knight roars a battlecry!
The orcs go into a battle-frenzy!
The orc misses you.
The orc knight hits you from afar with a +0 glaive.
Which direction?
You reach down and close the door.
An orc knight breaks down the door.
The orc hits you but does no damage.
The orc knight roars a battlecry!
The orc knight goes into a battle-frenzy!
You shoot a bolt. The bolt hits the orc knight!!
The orc knight is moderately wounded.
The orc knight is engulfed in blazing flames.
The orc knight misses you. The orc barely misses you.
The orc knight hits you from afar with a +0 glaive!
The orc misses you.
The orc knight is engulfed in blazing flames.
The orc knight completely misses you.
The orc knight hits you from afar with a +0 glaive!!!
Ouch! That really hurt!
You die...
Kikubaaqudgha rasps: "You have failed me!
Welcome... death!"

..≈≈###≈≈≈≈≈≈≈≈≈≈≈≈≈≈≈≈≈≈≈###≈≈..
..≈##.##≈≈≈≈≈≈≈≈≈≈≈≈≈≈≈≈≈##.##≈..
..≈#..[)≈≈≈≈≈≈≈≈≈≈≈≈≈≈≈≈≈....#≈..
..≈##.∩#≈≈≈≈≈≈≈≈≈≈≈≈≈≈≈≈≈#∩)##≈..
..≈≈#.##≈≈≈≈≈#######≈≈≈≈≈##)#≈≈..
..≈≈≈≈≈≈≈≈≈≈##≈≈≈≈##≈≈≈≈≈≈≈≈≈≈≈..
..≈≈≈≈≈≈≈≈≈##≈≈≈≈≈##≈≈≈≈≈≈≈)≈≈≈..
..≈≈≈≈≈≈≈≈##≈≈#'''##≈≈≈≈≈≈≈≈≈≈≈..
..≈≈≈≈≈≈≈≈#≈≈##∩@☼##≈≈##≈≈≈≈≈≈≈..
..≈≈≈≈≈≈≈##≈####§####≈##≈≈≈≈≈≈≈..
..≈≈≈≈≈≈≈##≈'.#ooo#)'≈##≈≈≈≈≈≈≈..
..≈≈≈≈≈≈≈##≈###o8.###≈##≈≈≈≈≈≈≈..
..≈≈≈≈≈≈≈##≈'.#:.)#)'≈##≈≈≈≈≈≈≈..
..≈≈≈≈≈≈≈##≈#########≈##≈≈≈≈≈≈≈..
..≈≈≈≈≈≈≈≈#≈≈##)#)##≈≈#≈≈≈≈≈≈≈≈..
..≈≈≈≈≈≈≈≈##≈≈#'#'#≈≈##≈≈≈≈≈≈≈≈..
..≈≈≈≈≈≈≈≈≈##≈≈≈≈≈≈≈##≈≈≈≈≈≈≈≈≈..


You could see 2 orc knights and 2 orcs.

Vanquished Creatures
  2 centaur zombies
  Maggie (D:6)
  Prince Ribbit (D:5)
  2 wyverns (D:8)
  A steam dragon (D:7)
  A water moccasin (D:7)
  An ice beast (D:7)
  2 sky beasts
  2 black bears (D:7)
  13 orc warriors
  3 ogres
  A centaur (D:6)
  4 phantoms
  A kobold brigand (D:7)
  A wyvern zombie (D:7)
  2 bullfrogs
  5 scorpions
  A water moccasin skeleton (D:6)
  3 wights (D:8)
  2 electric eels (D:6)
  3 hounds
  2 jellies
  5 orc priests
  2 centaur skeletons
  A bullfrog skeleton (D:5)
  5 iguanas
  12 orc wizards
  A hound zombie (D:5)
  A howler monkey zombie (D:7)
  8 mummies (Ossuary)
  7 gnolls
  5 adders
  3 white imps
  A worm (D:3)
  4 dart slugs
  39 orcs
  5 endoplasms
  3 giant cockroaches (D:1)
  2 gnoll zombies (Ossuary)
  6 hobgoblins
  2 ball pythons
  7 bats
  A frilled lizard (D:2)
  6 goblins
  2 hobgoblin zombies (Ossuary)
  9 kobolds
  3 kobold zombies (Ossuary)
  An orc zombie (Ossuary)
  3 rats
198 creatures vanquished.

Vanquished Creatures (collateral kills)
  Sigmund (D:6)
  3 kobolds (D:7)
4 creatures vanquished.

Vanquished Creatures (others)
  A quokka (D:6)
1 creature vanquished.

Grand Total: 203 creatures vanquished

Notes
Turn   | Place    | Note
-------+----------+-------------------------------------------
     0 | D:1      | tizbic2 the Demonspawn Necromancer began the quest for the
                  | Orb.
     0 | D:1      | Reached XP level 1. HP: 13/13 MP: 3/3
   317 | D:1      | Gained mutation: Your touch may inflict minor irresistible
                  | damage on your foes. [demonic ancestry]
   317 | D:1      | Reached XP level 2. HP: 14/19 MP: 3/5
   699 | D:2      | Reached skill level 1 in Staves
   913 | D:2      | Gained mutation: You sometimes gain a little power by
                  | taking damage. [demonic ancestry]
   913 | D:2      | Reached XP level 3. HP: 21/24 MP: 6/6
   919 | D:2      | Learned a level 3 spell: Vampiric Draining
  1060 | D:2      | Reached skill level 1 in Evocations
  1090 | D:2      | Reached XP level 4. HP: 20/30 MP: 2/7
  1298 | D:2      | Found a faded altar of an unknown god.
  1298 | D:2      | Found a faded altar of an unknown god.
  1645 | D:3      | Found Dinolaew's Armour Emporium.
  2200 | D:3      | Found a hazy altar of Hepliaklqana.
  2305 | D:4      | Noticed a phantom
  2435 | D:4      | Reached skill level 5 in Necromancy
  2435 | D:4      | Gained mutation: Your demonic aura sometimes causes spilled
                  | blood to erupt in flames. [demonic ancestry]
  2435 | D:4      | Reached XP level 5. HP: 21/36 MP: 7/9
  2642 | D:4      | Killed a phantom
  2643 | D:4      | Reached skill level 1 in Fighting
  2652 | D:4      | Found an opulent altar of Gozag.
  2723 | D:4      | Found a glowing drain.
  2728 | D:4      | Noticed a phantom
  2770 | D:3      | Killed a phantom
  2771 | D:3      | Gained mutation: Your demonic aura often causes spilled
                  | blood to erupt in flames. [demonic ancestry]
  2771 | D:3      | Reached XP level 6. HP: 15/43 MP: 6/10
  3223 | D:4      | Gained mutation: You are surrounded by a mild repulsion
                  | field. (EV +2) [demonic ancestry]
  3223 | D:4      | Reached XP level 7. HP: 22/50 MP: 3/12
  3432 | D:4      | Learned a level 4 spell: Animate Dead
  3815 | D:5      | Entered Level 5 of the Dungeon
  4012 | D:5      | Noticed an angel
  4017 | D:5      | Found a staircase to the Ecumenical Temple.
  4019 | D:5      | Found a basalt altar of Yredelemnul.
  4029 | D:5      | Noticed Prince Ribbit
  4036 | Temple   | Entered the Ecumenical Temple
  4098 | Temple   | Became a worshipper of Kikubaaqudgha
  4203 | D:5      | Killed Prince Ribbit
  4459 | D:5      | Gained mutation: Your demonic aura causes all spilled blood
                  | to erupt in flames. [demonic ancestry]
  4459 | D:5      | Reached XP level 8. HP: 42/58 MP: 10/13
  4460 | D:5      | Reached skill level 5 in Staves
  4465 | D:5      | Found a sand-covered staircase.
  4474 | Ossuary  | Entered an ossuary
  6259 | D:6      | Reached * piety under Kikubaaqudgha
  6259 | D:6      | Received a gift from Kikubaaqudgha
  6275 | D:6      | Found a shadowy altar of Dithmenos.
  6319 | D:6      | Found a shimmering blue altar of Sif Muna.
  6359 | D:6      | Gained mutation: You are surrounded by a moderate repulsion
                  | field. (EV +3) [demonic ancestry]
  6359 | D:6      | Reached XP level 9. HP: 40/64 MP: 4/16
  6612 | D:6      | Noticed Maggie
  6641 | D:6      | Killed Maggie
  6642 | D:6      | Reached skill level 5 in Spellcasting
  7130 | D:6      | Identified the ring "Goomuag" {Fly rC- Will- Str+9}
  7248 | D:6      | Noticed Sigmund
  7256 | D:6      | Killed Sigmund
  7257 | D:6      | Reached skill level 5 in Evocations
  7695 | D:7      | Found a large runed translucent door.
  7695 | D:7      | Found a large runed translucent door.
  7696 | D:7      | Noticed jimonade's ghost (novice GnWn)
  8049 | D:7      | Reached skill level 5 in Fighting
  8189 | D:3      | Bought the +1 scale mail of the Orb Guardian {Str+5 Dex-3}
                  | for 282 gold pieces
  8300 | D:7      | Identified the +5 short sword "Kuupuo" {vorpal, rElec rF++
                  | Str+2}
  8321 | D:7      | Learned a level 5 spell: Agony
  8817 | D:7      | Reached ** piety under Kikubaaqudgha
  9066 | D:7      | Reached XP level 10. HP: 74/74 MP: 6/18
  9280 | D:8      | Found a flagged portal.
  9933 | Bailey   | Entered a bailey
 11053 | Bailey   | Noticed an orc knight
 11053 | Bailey   | Noticed an orc knight
 11057 | Bailey   | Mangled by an orc knight

Illustrated notes

Levels and vault maps discovered:
D:1:      heliophobic_arrival_ceremonial_halls, layout_rooms,
          minmay_misc_feat_rows
D:2:      layout_rooms, hellmonk_ecumenical_altar_the_god_not_taken,
          serial_corexii_hall, chequers_hall_statues_y,
          chequers_hall_statues_wall_a, chequers_serial_rivers_micro_d
D:3:      layout_loops_corners, nzn_hepliaklqana_mist_gate, serial_shops,
          nicolae_diamond_shop, nicolae_elevator_lobby_plus
D:4:      layout_rooms, nicolae_gozag_cash_rules_everything_around_me,
          portal_sewer_entry_a, cheibrodos_gnoll_hut
D:5:      layout_gridville, grunt_temple_overflow_holy_war, temple_statues,
          nicolae_ossuary_entry_ruins, uniq_prince_ribbit1
D:6:      layout_gridville, elyvilon_altar_4, led_sif_pool,
          grunt_dithmenos_smoke_and_mirrors, water_maze_lemuel, uniq_sigmund,
          uniq_maggie
D:7:      minmay_polygon_palace, layout_cave_pools, ebering_ghost_disaster_area
D:8:      layout_loops_ring, enter_bailey_6, minivault_26, kennysheep_potato
Temple:   cyrus_circular_temple
Bailey:   bailey_polearm_2, bailey

Skill      XL: |  1  2  3  4  5  6  7  8  9 10 |
---------------+-------------------------------+-----
Staves         | 1 2 3 4 6 7 8 |  8.4
Evocations     | 1 2 3 4 5 6 |  6.3
Necromancy     | 5 6 7 8 |  8.4
Fighting       | 1 2 3 4 5 6 |  6.0
Spellcasting   | 3 4 5 6 |  6.2
Dodging        | |  1.9
Stealth        | |  1.9

Action                   |  1- 3 |  4- 6 |  7- 9 | 10-12 || total
-------------------------+-------+-------+-------+-------++-------
Melee: Dagger            |    20 |       |       |       ||    20
       Staff             |    66 |    62 |   433 |    92 ||   653
       Unarmed           |     2 |       |       |       ||     2
       Touch             |     7 |    12 |    98 |    23 ||   140
       Punch             |     2 |       |     8 |     2 ||    12
       Short sword       |       |    47 |    17 |    60 ||   124
 Fire: Arbalest          |       |       |       |    14 ||    14
Throw: Stone             |     8 |     8 |    35 |     4 ||    55
 Cast: Pain              |    17 |    12 |    19 |     5 ||    53
       Vampiric Draining |     2 |     3 |    21 |     5 ||    31
       Animate Dead      |       |       |     9 |     3 ||    12
Invok: Receive Corpses   |       |       |     3 |     1 ||     4
  Use: Scroll            |     2 |     7 |     6 |     4 ||    19
       Potion            |     1 |       |     3 |     1 ||     5
 Stab: Sleeping          |     1 |     1 |       |       ||     2
Armor: Robe              |    19 |       |       |       ||    19
       Ring mail         |    13 |    47 |    77 |       ||   137
       Scale mail        |       |       |    47 |    53 ||   100
       Swamp dragon scal |       |       |    52 |       ||    52
Dodge: Dodged            |    43 |    45 |   329 |   156 ||   573
